 Dungeon Crawl Stone Soup version 0.25-a0-435-g4b9beb1024 (webtiles) character file.

Game seed: 822768939838510367, levelgen mode: deterministic

8 Lugonue the Stinger (level 2, 0/19 HPs)
             Began as a Demonspawn Venom Mage on Jan 28, 2020.
             Slain by a bat (1 damage)
             ... on level 1 of the Dungeon.
             The game lasted 00:01:09 (244 turns).

Lugonue the Stinger (Demonspawn Venom Mage)          Turns: 244, Time: 00:01:10

Health: 0/19       AC:  2    Str:  8    XL:     2   Next: 0%
Magic:  0/5        EV: 12    Int: 16    God:
Gold:   22         SH:  0    Dex: 13    Spells: 4/5 levels left

rFire    . . .     SeeInvis .   (no weapon)
rCold    . . .     Gourm    .   (no shield)
rNeg     . . .     Faith    .   a - +0 robe
rPois    .         Spirit   +   (no helmet)
rElec    .         Reflect  .   (no cloak)
rCorr    .         Harm     .   (no gloves)
MR       .....                  (no boots)
Stlth    ++........             (no amulet)
HPRegen  0.06/turn              (no ring)
MPRegen  0.09/turn              (no ring)

@: no status effects
A: magic shield
a: no special abilities


You were on level 1 of the Dungeon.
You were not hungry.

You visited 1 branch of the dungeon, and saw 1 of its levels.

You collected 22 gold pieces.

Inventory:

Armour
 a - a +0 robe (worn)
Comestibles
 c - a ration


   Skills:
 + Level 1.7 Dodging
 + Level 1.8 Stealth
 + Level 2.0 Spellcasting
 + Level 1.0 Transmutations
 + Level 3.4 Poison Magic


You had 4 spell levels left.
You knew the following spells:

 Your Spells              Type           Power        Failure   Level  Hunger
a - Sting                 Tmut/Pois      #...         9%          1    #......

Your spell library contained the following spells:

 Spells                   Type           Power        Failure   Level  Hunger
 Poisonous Vapours        Pois/Air       #.....       16%         2    ###....
 Ignite Poison            Fire/Tmut/Pois #.......     34%         3    ###....
 Mephitic Cloud           Conj/Pois/Air  #.......     36%         3    ###....
 Olgreb's Toxic Radiance  Pois           ##......     45%         4    #####..


Dungeon Overview and Level Annotations

Branches:
Dungeon (1/15)

Altars:


Innate Abilities, Weirdness & Mutations

When hurt, damage is shared between your health and your magic reserves.


Message History

The bat hits you but does no damage. The bat barely misses you.
The kobold hits you with a +0 short sword.
* * * LOW HITPOINT WARNING * * *
The bat barely misses you. x2; The bat closely misses you.
The kobold closely misses you.
The bat barely misses you. x2; The kobold closely misses you.
The bat closely misses you. The bat hits you but does no damage.
The kobold hits you with a +0 short sword.
* * * LOW HITPOINT WARNING * * *
The bat closely misses you. The bat hits you but does no damage.
The kobold closely misses you.
The bat hits you but does no damage. x2; The kobold barely misses you.
The bat hits you but does no damage. The bat misses you.
The bat closely misses you.
The kobold hits you with a +0 short sword.
The bat hits you but does no damage. x2
The kobold hits you with a +0 short sword.
* * * LOW HITPOINT WARNING * * *
The bat hits you.
You die...

....(......# .#
.......#...#...... .#
.#..#...............#
...##.##...........(
..###........#...#.##
..# #........##..#..####
### #...................
# ###..........bb.....#
.##.....#......#@.###...
.........!....>.#K......
#.)..............####...
#.................# .
#...............#.#
#...............#.#
#...............#.#
##.............##.#
##...........## .#


You could see 2 bats and a kobold.

Vanquished Creatures
  2 hobgoblins (D:1)
  A kobold (D:1)
  2 bats (D:1)
  4 rats (D:1)
9 creatures vanquished.

Notes
Turn   | Place    | Note
-------+----------+-------------------------------------------
     0 | D:1      | Lugonue the Demonspawn Venom Mage began the quest for the
                  | Orb.
     0 | D:1      | Reached XP level 1. HP: 13/13 MP: 3/3
   211 | D:1      | Reached skill level 1 in Transmutations
   211 | D:1      | Gained mutation: When hurt, damage is shared between your
                  | health and your magic reserves. [demonic ancestry]
   211 | D:1      | Reached XP level 2. HP: 13/19 MP: 1/5
   244 | D:1      | Slain by a bat

Levels and vault maps discovered:
D:1:      tarquinn_simple_flora_water_f, layout_rooms

Skill      XL: |  1 |
---------------+----+-----
Transmutations | 1 |  1.0
Dodging        | |  1.7
Stealth        | |  1.8
Spellcasting   | |  2.0
Poison Magic   | |  3.4

Action                   || total
-------------------------++-------
Melee: Unarmed           ||    25
 Cast: Sting             ||     9
Armor: Robe              ||    23
Dodge: Dodged            ||    58

Table legend:
 A = Non-vault XP
 B = Vault XP
 C = Vault XP percentage of total XP
 D = Non-vault monster count
 E = Vault monster count
 F = Vault count percentage of total count
                 A         B        C        D         E       F
            +---------+---------+-------+---------+---------+-------
      Total |      12 |       0 |   0.0 |       9 |       0 |   0.0
            +---------+---------+-------+---------+---------+-------
        D:1 |      12 |       0 |   0.0 |       9 |       0 |   0.0
            +---------+---------+-------+---------+---------+-------
